OTTAWA vs FLORIDA

Created - January-31-21 at 12:57

Goals
1 2 3 T
OTTAWA 1 0 0 1
FLORIDA 1 2 1 4
Shots
1 2 3 T
OTTAWA 4 11 8 23
FLORIDA 7 11 8 26

1st period

1. FLORIDA , Adam Lowry 2 (Shayne Gostisbehere 5) at 0:57
2. OTTAWA , Colin Wilson 6 (Ryan Suter 5, Vince Dunn 8) at 15:29

Penalties :
Micheal Ferland (FLA) for Goalie Interference (Minor) at 4:32, Mark Borowiecki (OTT) for Hooking (Minor) at 4:32

2nd period

3. FLORIDA , Nate Schmidt 4 (Dante Fabbro 8, Craig Smith 7) at 17:06 (PP)
4. FLORIDA , Ryan Donato 2 (Marc Staal 4, Nate Schmidt 9) at 19:40

Penalties :
Adam Lowry (FLA) for Holding (Minor) at 2:30, Mark Borowiecki (OTT) for Hooking (Minor) at 16:34

3rd period

5. FLORIDA , Craig Smith 3 (Adam Lowry 1, Alex Galchenyuk 7) at 7:05

Penalties :
Oskar Sundqvist (OTT) for Tripping (Minor) at 3:58, Patrick Marleau (FLA) for Fighting (Major) at 10:47, Yanni Gourde (OTT) for Fighting (Major) at 10:47, Garnet Hathaway (OTT) for Holding (Minor) at 14:43

Goalie Stats

Connor Hellebuyck (OTT), 22 saves from 26 shots - (0.846), L, 4-6-1, 60:00 minutes
Jimmy Howard (FLA), 22 saves from 23 shots - (0.957), W, 4-8-3, 60:00 minutes

Players Stats for OTTAWA

Player Name              G  A  P  +/- PIM S  H  SB GA TA FO     MP     PP MP  PK MP  
------------------------------------------------------------------------------------
Brandon Pirri            0  0  0  -1  0   0  2  0  0  0  0/1     9:51   0:53   0:00 
Colin Wilson             1  0  1  -1  0   1  1  1  0  0  1/2    17:48   0:53   0:29 
Dmitry Kulikov           0  0  0  -1  0   0  1  2  0  0  0/0    17:48   0:00   0:18 
Garnet Hathaway          0  0  0   0  2   1  3  0  0  0  5/11   15:22   0:00   0:58 
Joakim Nygard            0  0  0   0  0   0  0  0  0  0  0/1    12:22   0:00   0:00 
Jordan Eberle            0  0  0   0  0   1  1  0  0  0  1/2    19:42   1:06   3:03 
Kyle Okposo              0  0  0  -1  0   0  1  0  0  0  2/2    17:26   0:53   1:12 
MacKenzie Entwistle      0  0  0  -1  0   0  1  0  0  0  0/1     8:58   0:00   0:00 
Marcus Johansson         0  0  0   0  0   2  0  0  0  0  7/18   16:39   1:06   0:00 
Mark Borowiecki          0  0  0  -1  4   0  1  0  0  0  0/0    18:54   0:53   1:12 
Martin Kaut              0  0  0   0  0   0  0  0  0  0  1/2    12:24   0:00   0:00 
Michael Rasmussen        0  0  0  -1  0   2  2  0  0  0  4/12   10:32   0:00   1:32 
Michal Kempny            0  0  0  -2  0   0  0  3  0  0  0/0    18:30   0:00   1:58 
Niklas Kronwall          0  0  0  -1  0   0  1  0  0  0  0/0    22:13   0:53   2:13 
Oskar Sundqvist          0  0  0  -1  2   5  3  0  0  0  9/19   17:24   0:00   1:31 
Ryan Suter               0  1  1   1  0   4  3  1  0  0  0/0    23:44   1:06   2:32 
Vince Dunn               0  1  1   0  0   2  0  1  0  0  0/0    18:47   1:06   0:47 
Yanni Gourde             0  0  0   0  5   5  3  0  0  0  0/1    15:02   1:06   0:15 

Players Stats for FLORIDA

Player Name              G  A  P  +/- PIM S  H  SB GA TA FO     MP     PP MP  PK MP  
------------------------------------------------------------------------------------
Adam Lowry               1  1  2   1  2   3  3  0  0  0  10/21  15:36   0:00   0:00 
Alex Galchenyuk          0  1  1   1  0   4  1  0  0  0  1/1    17:32   1:55   0:00 
Brett Ritchie            0  0  0   0  0   0  1  0  0  0  0/1     8:56   0:00   0:00 
Craig Smith              1  1  2   1  0   1  0  0  0  0  0/0    17:32   1:55   0:00 
Dante Fabbro             0  1  1   2  0   0  7  0  0  0  0/0    23:17   2:48   1:26 
Drake Batherson          0  0  0   0  0   2  1  0  0  0  6/11   12:13   1:44   0:00 
Joakim Nordstrom         0  0  0   1  0   1  1  1  0  0  1/1    12:08   0:00   0:00 
Joe Thornton             0  0  0   0  0   1  4  0  0  0  14/18  19:19   1:23   1:54 
Justin Schultz           0  0  0  -1  0   2  1  0  0  0  0/0    15:34   0:00   0:00 
Marc Staal               0  1  1   1  0   1  1  1  0  0  0/0    18:40   0:34   0:00 
Markus Granlund          0  0  0   0  0   1  0  0  0  0  0/0     8:56   0:00   0:00 
Martin Necas             0  0  0   0  0   2  0  0  0  0  0/1    20:08   2:35   1:54 
Micheal Ferland          0  0  0   1  2   1  2  0  0  0  0/0    12:12   0:00   0:05 
Nate Schmidt             1  1  2   1  0   1  0  3  0  0  0/0    24:28   2:54   1:26 
Patrick Marleau          0  0  0   0  5   2  1  0  0  0  1/2    16:30   1:57   0:05 
Radim Simek              0  0  0  -1  0   1  7  1  0  0  0/0    17:51   1:36   0:33 
Ryan Donato              1  0  1   1  0   1  1  0  0  0  9/16   14:57   2:01   0:00 
Shayne Gostisbehere      0  1  1   2  0   2  0  1  0  0  0/0    20:10   1:08   0:33 

3 Stars

1 - Nate Schmidt (FLA)
2 - Dante Fabbro (FLA)
3 - Craig Smith (FLA)

Power Play

OTTAWA - 0 on 1 Attempt(s) - 0.00%
FLORIDA - 1 on 3 Attempt(s) - 33.33%

Penalty Kill

OTTAWA - 2 on 3 Attempt(s) - 66.67% - Score 0 goal in Penalty Kill
FLORIDA - 1 on 1 Attempt(s) - 100.00% - Score 0 goal in Penalty Kill

Team Stat

OTTAWA - Hits : 23 - Faceoff Wins : 30 - Blocked Shots : 8 - Penalty Minutes : 13
FLORIDA - Hits : 31 - Faceoff Wins : 42 - Blocked Shots : 7 - Penalty Minutes : 9

Official

Referees : Marc Joannette and Gord Dwyer
Linesman : Travis Gawryletz and Brent Hooks

Game Notes

Patrick Marleau and Yanni Gourde fight to a draw at 10:47 of 3rd period

Finance

Level 1 -- Attendance: 5819 (96.98%) -- Ticket Income $465,520
Level 2 -- Attendance: 4416 (88.32%) -- Ticket Income $220,800
Level 3 -- Attendance: 1838 (91.90%) -- Ticket Income $51,464
Level 4 -- Attendance: 4000 (100.00%) -- Ticket Income $60,000
Luxury Box -- Attendance: 1000 (100.00%) -- Ticket Income $150,000
Game was played at the BBT Center.
Total Attendance: 17073 (94.85%)
Total Ticket Income: $947,784
Total Income: $947,784

OTTAWA

5 vs 5 Forward 
   Center                   Left Wing                Right Wing               Time % Phy DF OF 
 1 Marcus Johansson         Yanni Gourde             Jordan Eberle            35     0   1  4  
 2 Oskar Sundqvist          Colin Wilson             Kyle Okposo              30     1   2  2  
 3 Garnet Hathaway          Joakim Nygard            Martin Kaut              25     1   3  1  
 4 Michael Rasmussen        Brandon Pirri            MacKenzie Entwistle      10     2   2  1  

5 vs 5 Defense 
   Defense                  Defense                                           Time % Phy DF OF 
 1 Ryan Suter               Vince Dunn                                        35     1   1  3  
 2 Michal Kempny            Niklas Kronwall                                   30     1   2  2  
 3 Dmitry Kulikov           Mark Borowiecki                                   25     1   3  1  
 4 Ryan Suter               Niklas Kronwall                                   10     2   2  1  

PowerPlay Forward 
   Center                   Left Wing                Right Wing               Time % Phy DF OF 
 1 Marcus Johansson         Yanni Gourde             Jordan Eberle            60     0   1  4  
 2 Colin Wilson             Brandon Pirri            Kyle Okposo              40     0   2  3  

PowerPlay Defense
   Defense                  Defense                                           Time % Phy DF OF 
 1 Vince Dunn               Ryan Suter                                        60     0   1  4  
 2 Mark Borowiecki          Niklas Kronwall                                   40     0   2  3  

Penalty Kill 4 Players Forward 
   Center                   Wing                     Time % Phy DF OF 
 1 Garnet Hathaway          Jordan Eberle            60     1   3  1  
 2 Colin Wilson             Yanni Gourde             40     1   4  0  

Penalty Kill 4 Players Defense
   Defense                  Defense                  Time % Phy DF OF 
 1 Ryan Suter               Niklas Kronwall          60     1   3  1  
 2 Mark Borowiecki          Michal Kempny            40     1   4  0  

Penalty Kill - 3 Players Forward 
   Forward                                           Time % Phy DF OF 
 1 Oskar Sundqvist                                   60     0   4  1  
 2 Garnet Hathaway                                   40     2   3  0  

Penalty Kill - 3 Players Defense
   Defense                  Defense                  Time % Phy DF OF 
 1 Ryan Suter               Niklas Kronwall          60     0   4  1  
 2 Michal Kempny            Mark Borowiecki          40     2   3  0  

4 vs 4 Forward 
   Center                   Wing                     Time % Phy DF OF 
 1 Oskar Sundqvist          Colin Wilson             60     1   2  2  
 2 Garnet Hathaway          Kyle Okposo              40     1   2  2  

4 vs 4 Defense
   Defense                  Defense                  Time % Phy DF OF 
 1 Ryan Suter               Niklas Kronwall          60     1   2  2  
 2 Mark Borowiecki          Dmitry Kulikov           40     1   2  2  

Last Minutes Offensive
   Center                   Left Wing                Right Wing               Defense                  Defense                  
   Marcus Johansson         Yanni Gourde             Jordan Eberle            Ryan Suter               Vince Dunn               

Last Minutes Defensive
   Center                   Left Wing                Right Wing               Defense                  Defense                  
   Oskar Sundqvist          Yanni Gourde             Jordan Eberle            Ryan Suter               Niklas Kronwall          

Goaltenders
Starting : Connor Hellebuyck        
Backup : Pekka Rinne              

Extra Forwards
Normal : Colin Wilson, Oskar Sundqvist, Garnet Hathaway - PP : Kyle Okposo, Colin Wilson - PK : Jordan Eberle
Extra Defensemen
Normal : Ryan Suter, Niklas Kronwall, Mark Borowiecki - PP : Michal Kempny - PK : Dmitry Kulikov, Vince Dunn
Penalty Shots
Brandon Pirri, Jordan Eberle, Kyle Okposo, Dmitry Kulikov, Colin Wilson

Scratches
OTT Cap Hit (Suspend), Roman Polak (Healthy), Mirco Mueller (Healthy), Dominik Simon (Healthy), Laurent Brossoit (Healthy)

FLORIDA

5 vs 5 Forward 
   Center                   Left Wing                Right Wing               Time % Phy DF OF 
 1 Joe Thornton             Patrick Marleau          Martin Necas             35     2   0  3  
 2 Adam Lowry               Alex Galchenyuk          Craig Smith              30     2   0  3  
 3 Ryan Donato              Micheal Ferland          Joakim Nordstrom         20     2   0  3  
 4 Drake Batherson          Markus Granlund          Brett Ritchie            15     2   0  3  

5 vs 5 Defense 
   Defense                  Defense                                           Time % Phy DF OF 
 1 Marc Staal               Nate Schmidt                                      40     3   1  1  
 2 Dante Fabbro             Shayne Gostisbehere                               35     3   1  1  
 3 Radim Simek              Justin Schultz                                    20     3   1  1  
 4 Dante Fabbro             Nate Schmidt                                      5      3   1  1  

PowerPlay Forward 
   Center                   Left Wing                Right Wing               Time % Phy DF OF 
 1 Ryan Donato              Patrick Marleau          Martin Necas             60     1   0  4  
 2 Joe Thornton             Alex Galchenyuk          Craig Smith              40     1   0  4  

PowerPlay Defense
   Defense                  Defense                                           Time % Phy DF OF 
 1 Dante Fabbro             Nate Schmidt                                      60     1   0  4  
 2 Shayne Gostisbehere      Radim Simek                                       40     1   0  4  

Penalty Kill 4 Players Forward 
   Center                   Wing                     Time % Phy DF OF 
 1 Adam Lowry               Martin Necas             60     3   2  0  
 2 Joe Thornton             Patrick Marleau          40     3   2  0  

Penalty Kill 4 Players Defense
   Defense                  Defense                  Time % Phy DF OF 
 1 Dante Fabbro             Nate Schmidt             60     3   2  0  
 2 Shayne Gostisbehere      Radim Simek              40     3   2  0  

Penalty Kill - 3 Players Forward 
   Forward                                           Time % Phy DF OF 
 1 Adam Lowry                                        60     3   2  0  
 2 Martin Necas                                      40     3   2  0  

Penalty Kill - 3 Players Defense
   Defense                  Defense                  Time % Phy DF OF 
 1 Dante Fabbro             Nate Schmidt             60     3   2  0  
 2 Justin Schultz           Radim Simek              40     3   2  0  

4 vs 4 Forward 
   Center                   Wing                     Time % Phy DF OF 
 1 Ryan Donato              Martin Necas             60     1   2  2  
 2 Joe Thornton             Patrick Marleau          40     1   2  2  

4 vs 4 Defense
   Defense                  Defense                  Time % Phy DF OF 
 1 Dante Fabbro             Nate Schmidt             60     1   2  2  
 2 Shayne Gostisbehere      Radim Simek              40     1   2  2  

Last Minutes Offensive
   Center                   Left Wing                Right Wing               Defense                  Defense                  
   Joe Thornton             Patrick Marleau          Martin Necas             Dante Fabbro             Nate Schmidt             

Last Minutes Defensive
   Center                   Left Wing                Right Wing               Defense                  Defense                  
   Joe Thornton             Patrick Marleau          Martin Necas             Dante Fabbro             Nate Schmidt             

Goaltenders
Starting : Jimmy Howard             
Backup : Marc-Andre Fleury        

Extra Forwards
Normal : Drake Batherson, Markus Granlund, Martin Necas - PP : Drake Batherson, Markus Granlund - PK : Martin Necas
Extra Defensemen
Normal : Justin Schultz, Radim Simek, Nate Schmidt - PP : Nate Schmidt - PK : Shayne Gostisbehere, Nate Schmidt
Penalty Shots
Drake Batherson, Martin Necas, Ryan Donato, Patrick Marleau, Nate Schmidt

Scratches
Ilya Lyubushkin (Healthy), FLA Cap Hit (Suspend), Denis Malgin (Healthy)

% Time on Ice - OTTAWA

Lines # - Real PCT - Wanted PCT - Time Play
Normal Forward
1 - 30% - 35% - 15:33
2 - 28% - 30% - 14:39
3 - 24% - 25% - 12:22
4 - 17% - 10% - 8:58
Normal Defense
1 - 33% - 35% - 16:49
2 - 30% - 30% - 15:18
3 - 33% - 25% - 16:51
4 - 5% - 10% - 2:34
PP Forward
1 - 55% - 60% - 1:06
2 - 45% - 40% - 0:53
PP Defense
1 - 55% - 60% - 1:06
2 - 45% - 40% - 0:53
PK Forward
1 - 94% - 60% - 4:15
2 - 6% - 40% - 0:15
PK Defense
1 - 56% - 60% - 2:32
2 - 44% - 40% - 1:58
PK3 Forward
1 - 0% - 60%
2 - 0% - 40%
PK3 Defense
1 - 0% - 60%
2 - 0% - 40%
44 Forward
1 - 65% - 60% - 1:17
2 - 35% - 40% - 0:42
44 Defense
1 - 63% - 60% - 1:15
2 - 37% - 40% - 0:44
Last Minute Offensive  - 0:00
Last Minute Defensive  - 0:00
Total
Forward - 60:00
Defense - 60:00

% Time on Ice - FLORIDA

Lines # - Real PCT - Wanted PCT - Time Play
Normal Forward
1 - 29% - 35% - 14:51
2 - 30% - 30% - 15:37
3 - 24% - 20% - 12:08
4 - 17% - 15% - 8:56
Normal Defense
1 - 35% - 40% - 18:06
2 - 34% - 35% - 17:23
3 - 29% - 20% - 14:54
4 - 2% - 5% - 1:09
PP Forward
1 - 57% - 60% - 2:35
2 - 43% - 40% - 1:55
PP Defense
1 - 64% - 60% - 2:54
2 - 36% - 40% - 1:36
PK Forward
1 - 100% - 60% - 1:59
2 - 0% - 40% - 0:00
PK Defense
1 - 72% - 60% - 1:26
2 - 28% - 40% - 0:33
PK3 Forward
1 - 0% - 60%
2 - 0% - 40%
PK3 Defense
1 - 0% - 60%
2 - 0% - 40%
44 Forward
1 - 40% - 60% - 0:48
2 - 60% - 40% - 1:11
44 Defense
1 - 60% - 60% - 1:11
2 - 40% - 40% - 0:48
Last Minute Offensive  - 0:00
Last Minute Defensive  - 0:00
Total
Forward - 60:00
Defense - 60:00

Play-by-Play

1st period


0:01 of 1st period - Joe Thornton wins face-off versus Marcus Johansson in neutral zone.
0:06 of 1st period - Shot by Joe Thornton.
0:06 of 1st period - Deflect By Patrick Marleau.
0:06 of 1st period - Shot Misses the Net.
0:08 of 1st period - Shot by Patrick Marleau.
0:08 of 1st period - Stopped by Connor Hellebuyck with a rebound.
0:14 of 1st period - Shot by Patrick Marleau.
0:14 of 1st period - Shot Blocked by Ryan Suter.
0:29 of 1st period - Off-side.
0:30 of 1st period - Oskar Sundqvist wins face-off versus Adam Lowry in neutral zone.
0:34 of 1st period - Michal Kempny is hit by Dante Fabbro and loses puck.
0:55 of 1st period - Shot by Adam Lowry.
0:55 of 1st period - Shot Misses the Net.
0:57 of 1st period - Shot by Adam Lowry.
0:57 of 1st period - Goal by Adam Lowry - OTTAWA : 0 - FLORIDA : 1.
0:58 of 1st period - Ryan Donato wins face-off versus Garnet Hathaway in neutral zone.
1:19 of 1st period - Shot by Joakim Nordstrom.
1:19 of 1st period - Stopped by Connor Hellebuyck without a rebound.
1:20 of 1st period - Drake Batherson wins face-off versus MacKenzie Entwistle in OTTAWA zone.
1:39 of 1st period - Icing by Drake Batherson.
1:40 of 1st period - Drake Batherson wins face-off versus Marcus Johansson in FLORIDA zone.
1:40 of 1st period - Drake Batherson is hit by Yanni Gourde.
1:48 of 1st period - Yanni Gourde is hit by Brett Ritchie and loses puck.
2:28 of 1st period - Icing by Patrick Marleau.
2:29 of 1st period - Patrick Marleau wins face-off versus Garnet Hathaway in FLORIDA zone.
2:35 of 1st period - Patrick Marleau is hit by Ryan Suter and loses puck.
3:15 of 1st period - Icing by Radim Simek.
3:16 of 1st period - Joe Thornton wins face-off versus Oskar Sundqvist in FLORIDA zone.
3:26 of 1st period - Icing by Niklas Kronwall.
3:27 of 1st period - Adam Lowry wins face-off versus Oskar Sundqvist in OTTAWA zone.
3:49 of 1st period - Shot by Alex Galchenyuk.
3:49 of 1st period - Stopped by Connor Hellebuyck with a rebound.
4:00 of 1st period - Icing by Adam Lowry.
4:01 of 1st period - Marcus Johansson wins face-off versus Adam Lowry in FLORIDA zone.
4:22 of 1st period - Shot by Marcus Johansson.
4:22 of 1st period - Stopped by Jimmy Howard without a rebound.
4:23 of 1st period - Ryan Donato wins face-off versus Michael Rasmussen in FLORIDA zone.
4:28 of 1st period - Brandon Pirri is hit by Micheal Ferland and loses puck.
4:32 of 1st period - Minor Penalty to Micheal Ferland for Goalie Interference.
4:32 of 1st period - Minor Penalty to Mark Borowiecki for Hooking.
4:33 of 1st period - Oskar Sundqvist wins face-off versus Ryan Donato in OTTAWA zone.
5:00 of 1st period - Shot by Colin Wilson.
5:00 of 1st period - Shot Misses the Net.
5:02 of 1st period - Shot by Oskar Sundqvist.
5:02 of 1st period - Shot Misses the Net.
5:04 of 1st period - Shot by Oskar Sundqvist.
5:04 of 1st period - Deflect By Colin Wilson.
5:04 of 1st period - Shot Misses the Net.
6:34 of 1st period - Icing by Alex Galchenyuk.
6:35 of 1st period - Marcus Johansson wins face-off versus Adam Lowry in FLORIDA zone.
6:39 of 1st period - Jordan Eberle is hit by Radim Simek and loses puck.
6:54 of 1st period - Marcus Johansson is hit by Radim Simek.
6:56 of 1st period - Shot by Yanni Gourde.
6:56 of 1st period - Stopped by Jimmy Howard without a rebound.
6:57 of 1st period - Michael Rasmussen wins face-off versus Ryan Donato in FLORIDA zone.
7:02 of 1st period - Shot by Brandon Pirri.
7:02 of 1st period - Shot Blocked by Joakim Nordstrom.
7:58 of 1st period - Garnet Hathaway is hit by Adam Lowry and loses puck.
8:09 of 1st period - Icing by Marc Staal.
8:10 of 1st period - Oskar Sundqvist wins face-off versus Adam Lowry in FLORIDA zone.
8:28 of 1st period - Oskar Sundqvist is hit by Joe Thornton and loses puck.
8:33 of 1st period - Patrick Marleau is hit by Oskar Sundqvist and loses puck.
9:03 of 1st period - Shayne Gostisbehere is hit by Kyle Okposo.
9:04 of 1st period - Icing by Shayne Gostisbehere.
9:05 of 1st period - Joe Thornton wins face-off versus Jordan Eberle in FLORIDA zone.
9:15 of 1st period - Shayne Gostisbehere is hit by Jordan Eberle and loses puck.
9:35 of 1st period - Jordan Eberle is hit by Dante Fabbro and loses puck.
9:43 of 1st period - Marcus Johansson is hit by Dante Fabbro and loses puck.
10:57 of 1st period - Shot by Marc Staal.
10:57 of 1st period - Stopped by Connor Hellebuyck without a rebound.
10:58 of 1st period - Drake Batherson wins face-off versus Oskar Sundqvist in OTTAWA zone.
11:11 of 1st period - Shot by Drake Batherson.
11:11 of 1st period - Shot Blocked by Dmitry Kulikov.
11:13 of 1st period - Shot by Justin Schultz.
11:13 of 1st period - Stopped by Connor Hellebuyck without a rebound.
11:14 of 1st period - Adam Lowry wins face-off versus Yanni Gourde in OTTAWA zone.
11:25 of 1st period - Shot by Yanni Gourde.
11:25 of 1st period - Shot Misses the Net.
12:12 of 1st period - Adam Lowry is hit by Colin Wilson and loses puck.
12:21 of 1st period - Shot by Oskar Sundqvist.
12:21 of 1st period - Shot Misses the Net.
12:23 of 1st period - Shot by Oskar Sundqvist.
12:23 of 1st period - Stopped by Jimmy Howard without a rebound.
12:24 of 1st period - Ryan Donato wins face-off versus Michael Rasmussen in FLORIDA zone.
12:38 of 1st period - Ryan Suter is hit by Radim Simek and loses puck.
12:41 of 1st period - Shot by Brandon Pirri.
12:41 of 1st period - Shot Misses the Net.
12:43 of 1st period - Shot by Brandon Pirri.
12:43 of 1st period - Shot Misses the Net.
13:26 of 1st period - Dmitry Kulikov is hit by Dante Fabbro and loses puck.
13:54 of 1st period - Drake Batherson is hit by Garnet Hathaway and loses puck.
14:19 of 1st period - Joe Thornton is hit by Yanni Gourde.
15:11 of 1st period - Shot by Oskar Sundqvist.
15:11 of 1st period - Shot Blocked by Radim Simek.
15:13 of 1st period - Shot by Oskar Sundqvist.
15:13 of 1st period - Shot Misses the Net.
15:29 of 1st period - Shot by Colin Wilson.
15:29 of 1st period - Goal by Colin Wilson - OTTAWA : 1 - FLORIDA : 1.
15:30 of 1st period - Ryan Donato wins face-off versus Michael Rasmussen in neutral zone.
17:34 of 1st period - Icing by Niklas Kronwall.
17:35 of 1st period - Drake Batherson wins face-off versus Oskar Sundqvist in OTTAWA zone.
17:38 of 1st period - Shot by Markus Granlund.
17:38 of 1st period - Deflect By Drake Batherson.
17:38 of 1st period - Stopped by Connor Hellebuyck with a rebound.
17:50 of 1st period - Shot by Kyle Okposo.
17:50 of 1st period - Shot Misses the Net.
18:33 of 1st period - Dmitry Kulikov is hit by Ryan Donato and loses puck.
18:39 of 1st period - Icing by Dmitry Kulikov.
18:40 of 1st period - Joe Thornton wins face-off versus Marcus Johansson in OTTAWA zone.
19:04 of 1st period - Icing by Marcus Johansson.
19:05 of 1st period - Adam Lowry wins face-off versus Marcus Johansson in OTTAWA zone.
19:40 of 1st period - Icing by Nate Schmidt.
19:41 of 1st period - Adam Lowry wins face-off versus Martin Kaut in FLORIDA zone.
19:56 of 1st period - Craig Smith is hit by Garnet Hathaway and loses puck.
Goals for this period are 1 for OTTAWA vs 1 for FLORIDA.
Shots for this period are 4 for OTTAWA vs 7 for FLORIDA.

2nd period


0:01 of 2nd period - Joe Thornton wins face-off versus Oskar Sundqvist in neutral zone.
0:05 of 2nd period - Icing by Niklas Kronwall.
0:06 of 2nd period - Oskar Sundqvist wins face-off versus Joe Thornton in OTTAWA zone.
0:13 of 2nd period - Shot by Oskar Sundqvist.
0:13 of 2nd period - Stopped by Jimmy Howard without a rebound.
0:14 of 2nd period - Joe Thornton wins face-off versus Marcus Johansson in FLORIDA zone.
0:43 of 2nd period - Shot by Yanni Gourde.
0:43 of 2nd period - Shot Misses the Net.
0:45 of 2nd period - Shot by Jordan Eberle.
0:45 of 2nd period - Deflect By Yanni Gourde.
0:45 of 2nd period - Shot Blocked by Shayne Gostisbehere.
0:47 of 2nd period - Shot by Yanni Gourde.
0:47 of 2nd period - Stopped by Jimmy Howard without a rebound.
0:48 of 2nd period - Ryan Donato wins face-off versus Oskar Sundqvist in FLORIDA zone.
0:48 of 2nd period - Ryan Donato is hit by Oskar Sundqvist.
1:15 of 2nd period - Shot by Kyle Okposo.
1:15 of 2nd period - Shot Blocked by Marc Staal.
1:23 of 2nd period - Dmitry Kulikov is hit by Joakim Nordstrom and loses puck.
1:50 of 2nd period - Shot by Alex Galchenyuk.
1:50 of 2nd period - Shot Misses the Net.
1:52 of 2nd period - Shot by Alex Galchenyuk.
1:52 of 2nd period - Stopped by Connor Hellebuyck without a rebound.
1:53 of 2nd period - Joe Thornton wins face-off versus Marcus Johansson in OTTAWA zone.
1:58 of 2nd period - Shot by Patrick Marleau.
1:58 of 2nd period - Shot Blocked by Michal Kempny.
2:00 of 2nd period - Shot by Joe Thornton.
2:00 of 2nd period - Deflect By Martin Necas.
2:00 of 2nd period - Shot Hit the Post.
2:18 of 2nd period - Shot by Martin Necas.
2:18 of 2nd period - Stopped by Connor Hellebuyck without a rebound.
2:19 of 2nd period - Adam Lowry wins face-off versus Garnet Hathaway in OTTAWA zone.
2:19 of 2nd period - Adam Lowry is hit by Ryan Suter.
2:25 of 2nd period - Shot by Alex Galchenyuk.
2:25 of 2nd period - Stopped by Connor Hellebuyck without a rebound.
2:26 of 2nd period - Garnet Hathaway wins face-off versus Adam Lowry in OTTAWA zone.
2:30 of 2nd period - Minor Penalty to Adam Lowry for Holding.
2:31 of 2nd period - Joe Thornton wins face-off versus Marcus Johansson in FLORIDA zone.
2:46 of 2nd period - Shot by Ryan Suter.
2:46 of 2nd period - Stopped by Jimmy Howard with a rebound.
2:52 of 2nd period - Shot by Ryan Suter.
2:52 of 2nd period - Stopped by Jimmy Howard without a rebound.
2:53 of 2nd period - Joe Thornton wins face-off versus Colin Wilson in FLORIDA zone.
3:21 of 2nd period - Joe Thornton is hit by Brandon Pirri and loses puck.
3:56 of 2nd period - Shot by Ryan Suter.
3:56 of 2nd period - Shot Misses the Net.
3:58 of 2nd period - Shot by Ryan Suter.
3:58 of 2nd period - Shot Blocked by Nate Schmidt.
4:00 of 2nd period - Shot by Jordan Eberle.
4:00 of 2nd period - Shot Misses the Net.
4:08 of 2nd period - Shot by Yanni Gourde.
4:08 of 2nd period - Stopped by Jimmy Howard with a rebound.
4:10 of 2nd period - Shot by Ryan Suter.
4:10 of 2nd period - Stopped by Jimmy Howard with a rebound.
4:12 of 2nd period - Shot by Yanni Gourde.
4:12 of 2nd period - Stopped by Jimmy Howard with a rebound.
4:14 of 2nd period - Shot by Marcus Johansson.
4:14 of 2nd period - Shot Blocked by Nate Schmidt.
4:31 of 2nd period - Off-side.
4:32 of 2nd period - Martin Kaut wins face-off versus Adam Lowry in neutral zone.
4:39 of 2nd period - Shot by Garnet Hathaway.
4:39 of 2nd period - Shot Misses the Net.
4:59 of 2nd period - Justin Schultz is hit by Niklas Kronwall.
5:31 of 2nd period - Shot by Drake Batherson.
5:31 of 2nd period - Stopped by Connor Hellebuyck without a rebound.
5:32 of 2nd period - Joakim Nordstrom wins face-off versus Marcus Johansson in OTTAWA zone.
5:32 of 2nd period - Nate Schmidt is hit by Ryan Suter and loses puck.
5:39 of 2nd period - Shot by Joakim Nordstrom.
5:39 of 2nd period - Shot Misses the Net.
6:11 of 2nd period - Off-side.
6:12 of 2nd period - Kyle Okposo wins face-off versus Drake Batherson in neutral zone.
6:22 of 2nd period - Shot by Colin Wilson.
6:22 of 2nd period - Deflect By Oskar Sundqvist.
6:22 of 2nd period - Stopped by Jimmy Howard without a rebound.
6:23 of 2nd period - Adam Lowry wins face-off versus Michael Rasmussen in FLORIDA zone.
6:40 of 2nd period - Shot by Adam Lowry.
6:40 of 2nd period - Stopped by Connor Hellebuyck without a rebound.
6:41 of 2nd period - Oskar Sundqvist wins face-off versus Brett Ritchie in OTTAWA zone.
8:08 of 2nd period - Shot by Jordan Eberle.
8:08 of 2nd period - Shot Misses the Net.
8:10 of 2nd period - Shot by Yanni Gourde.
8:10 of 2nd period - Stopped by Jimmy Howard with a rebound.
9:37 of 2nd period - Shot by Ryan Suter.
9:37 of 2nd period - Stopped by Jimmy Howard without a rebound.
9:38 of 2nd period - Colin Wilson wins face-off versus Drake Batherson in FLORIDA zone.
9:44 of 2nd period - Colin Wilson is hit by Radim Simek and loses puck.
10:06 of 2nd period - Michal Kempny is hit by Radim Simek and loses puck.
10:40 of 2nd period - Shot by Ryan Donato.
10:40 of 2nd period - Shot Misses the Net.
10:46 of 2nd period - Oskar Sundqvist is hit by Micheal Ferland and loses puck.
11:25 of 2nd period - Jordan Eberle is hit by Dante Fabbro and loses puck.
11:52 of 2nd period - Shot by Martin Necas.
11:52 of 2nd period - Shot Misses the Net.
12:11 of 2nd period - Shot by Martin Necas.
12:11 of 2nd period - Stopped by Connor Hellebuyck without a rebound.
12:12 of 2nd period - Adam Lowry wins face-off versus Michael Rasmussen in OTTAWA zone.
12:12 of 2nd period - Adam Lowry is hit by Dmitry Kulikov.
12:14 of 2nd period - Shot by Justin Schultz.
12:14 of 2nd period - Stopped by Connor Hellebuyck without a rebound.
12:15 of 2nd period - Adam Lowry wins face-off versus Joakim Nygard in OTTAWA zone.
13:18 of 2nd period - Icing by Michal Kempny.
13:19 of 2nd period - Joe Thornton wins face-off versus Michael Rasmussen in OTTAWA zone.
13:45 of 2nd period - Martin Necas is hit by Michael Rasmussen and loses puck.
13:50 of 2nd period - Michal Kempny is hit by Joe Thornton and loses puck.
14:03 of 2nd period - Nate Schmidt is hit by MacKenzie Entwistle and loses puck.
14:17 of 2nd period - Off-side.
14:18 of 2nd period - Marcus Johansson wins face-off versus Adam Lowry in neutral zone.
14:22 of 2nd period - Jordan Eberle is hit by Justin Schultz and loses puck.
14:56 of 2nd period - Yanni Gourde is hit by Radim Simek and loses puck.
15:15 of 2nd period - Ryan Donato is hit by Oskar Sundqvist and loses puck.
15:30 of 2nd period - Shot by Ryan Donato.
15:30 of 2nd period - Shot Misses the Net.
15:40 of 2nd period - Shot by Micheal Ferland.
15:40 of 2nd period - Stopped by Connor Hellebuyck without a rebound.
15:41 of 2nd period - Joe Thornton wins face-off versus Garnet Hathaway in OTTAWA zone.
16:34 of 2nd period - Minor Penalty to Mark Borowiecki for Hooking.
16:35 of 2nd period - Garnet Hathaway wins face-off versus Drake Batherson in OTTAWA zone.
17:02 of 2nd period - Shot by Craig Smith.
17:02 of 2nd period - Shot Blocked by Michal Kempny.
17:04 of 2nd period - Shot by Dante Fabbro.
17:04 of 2nd period - Shot Misses the Net.
17:06 of 2nd period - Shot by Nate Schmidt.
17:06 of 2nd period - Goal by Nate Schmidt - OTTAWA : 1 - FLORIDA : 2.
17:07 of 2nd period - Ryan Donato wins face-off versus Michael Rasmussen in neutral zone.
17:07 of 2nd period - Radim Simek is hit by Brandon Pirri and loses puck.
17:42 of 2nd period - Icing by Vince Dunn.
17:43 of 2nd period - Joe Thornton wins face-off versus Brandon Pirri in OTTAWA zone.
18:31 of 2nd period - Michal Kempny is hit by Alex Galchenyuk and loses puck.
19:32 of 2nd period - Shot by Markus Granlund.
19:32 of 2nd period - Stopped by Connor Hellebuyck without a rebound.
19:33 of 2nd period - Ryan Donato wins face-off versus Oskar Sundqvist in OTTAWA zone.
19:40 of 2nd period - Shot by Ryan Donato.
19:40 of 2nd period - Goal by Ryan Donato - OTTAWA : 1 - FLORIDA : 3.
19:41 of 2nd period - Oskar Sundqvist wins face-off versus Patrick Marleau in neutral zone.
19:50 of 2nd period - Mark Borowiecki is hit by Joe Thornton and loses puck.
19:59 of 2nd period - Shot by Oskar Sundqvist.
19:59 of 2nd period - Stopped by Jimmy Howard with a rebound.
Goals for this period are 0 for OTTAWA vs 2 for FLORIDA.
Shots for this period are 11 for OTTAWA vs 11 for FLORIDA.

3rd period


0:01 of 3rd period - Joe Thornton wins face-off versus Oskar Sundqvist in neutral zone.
0:06 of 3rd period - Shot by Martin Necas.
0:06 of 3rd period - Shot Misses the Net.
0:57 of 3rd period - Oskar Sundqvist is hit by Adam Lowry and loses puck.
1:09 of 3rd period - Icing by Shayne Gostisbehere.
1:10 of 3rd period - Jordan Eberle wins face-off versus Adam Lowry in FLORIDA zone.
1:57 of 3rd period - Shot by Brett Ritchie.
1:57 of 3rd period - Shot Misses the Net.
2:49 of 3rd period - Patrick Marleau is hit by Garnet Hathaway and loses puck.
2:56 of 3rd period - Garnet Hathaway is hit by Patrick Marleau and loses puck.
3:58 of 3rd period - Minor Penalty to Oskar Sundqvist for Tripping.
3:59 of 3rd period - Alex Galchenyuk wins face-off versus Michael Rasmussen in OTTAWA zone.
4:10 of 3rd period - Shot by Craig Smith.
4:10 of 3rd period - Shot Misses the Net.
5:11 of 3rd period - Shot by Shayne Gostisbehere.
5:11 of 3rd period - Shot Blocked by Vince Dunn.
5:13 of 3rd period - Shot by Shayne Gostisbehere.
5:13 of 3rd period - Shot Misses the Net.
5:15 of 3rd period - Shot by Patrick Marleau.
5:15 of 3rd period - Shot Misses the Net.
5:17 of 3rd period - Shot by Radim Simek.
5:17 of 3rd period - Stopped by Connor Hellebuyck without a rebound.
5:18 of 3rd period - Garnet Hathaway wins face-off versus Drake Batherson in OTTAWA zone.
5:31 of 3rd period - Shot by Patrick Marleau.
5:31 of 3rd period - Shot Hit the Post.
6:05 of 3rd period - Shot by Ryan Donato.
6:05 of 3rd period - Shot Misses the Net.
7:05 of 3rd period - Shot by Craig Smith.
7:05 of 3rd period - Goal by Craig Smith - OTTAWA : 1 - FLORIDA : 4.
7:06 of 3rd period - Drake Batherson wins face-off versus Garnet Hathaway in neutral zone.
8:09 of 3rd period - Dmitry Kulikov is hit by Adam Lowry and loses puck.
8:34 of 3rd period - Shot by Martin Necas.
8:34 of 3rd period - Deflect By Patrick Marleau.
8:34 of 3rd period - Shot Misses the Net.
9:00 of 3rd period - Shot by Joe Thornton.
9:00 of 3rd period - Stopped by Connor Hellebuyck with a rebound.
9:13 of 3rd period - Icing by Dmitry Kulikov.
9:14 of 3rd period - Oskar Sundqvist wins face-off versus Drake Batherson in OTTAWA zone.
9:43 of 3rd period - Shot by Brett Ritchie.
9:43 of 3rd period - Shot Blocked by Dmitry Kulikov.
9:50 of 3rd period - Icing by Dmitry Kulikov.
9:51 of 3rd period - Oskar Sundqvist wins face-off versus Adam Lowry in OTTAWA zone.
10:06 of 3rd period - Shot by Craig Smith.
10:06 of 3rd period - Shot Blocked by Colin Wilson.
10:08 of 3rd period - Shot by Adam Lowry.
10:08 of 3rd period - Stopped by Connor Hellebuyck without a rebound.
10:09 of 3rd period - Marcus Johansson wins face-off versus Joe Thornton in OTTAWA zone.
10:20 of 3rd period - Shot by Joe Thornton.
10:20 of 3rd period - Deflect By Patrick Marleau.
10:20 of 3rd period - Stopped by Connor Hellebuyck without a rebound.
10:21 of 3rd period - Garnet Hathaway wins face-off versus Adam Lowry in OTTAWA zone.
10:46 of 3rd period - Shot by Garnet Hathaway.
10:46 of 3rd period - Stopped by Jimmy Howard without a rebound.
10:47 of 3rd period - Marcus Johansson wins face-off versus Joe Thornton in FLORIDA zone.
10:47 of 3rd period - Patrick Marleau and Yanni Gourde fight to a draw.
10:47 of 3rd period - Penalty to Patrick Marleau for Fighting.
10:47 of 3rd period - Penalty to Yanni Gourde for Fighting.
10:48 of 3rd period - Drake Batherson wins face-off versus Marcus Johansson in FLORIDA zone.
10:56 of 3rd period - Shot by Marcus Johansson.
10:56 of 3rd period - Stopped by Jimmy Howard without a rebound.
10:57 of 3rd period - Adam Lowry wins face-off versus Marcus Johansson in FLORIDA zone.
11:26 of 3rd period - Shot by Shayne Gostisbehere.
11:26 of 3rd period - Stopped by Connor Hellebuyck without a rebound.
11:27 of 3rd period - Michael Rasmussen wins face-off versus Martin Necas in OTTAWA zone.
11:27 of 3rd period - Michael Rasmussen is hit by Joe Thornton.
11:45 of 3rd period - Shot by Vince Dunn.
11:45 of 3rd period - Shot Misses the Net.
11:47 of 3rd period - Shot by Michael Rasmussen.
11:47 of 3rd period - Shot Blocked by Nate Schmidt.
11:49 of 3rd period - Shot by Michael Rasmussen.
11:49 of 3rd period - Stopped by Jimmy Howard without a rebound.
11:50 of 3rd period - Marcus Johansson wins face-off versus Ryan Donato in FLORIDA zone.
12:18 of 3rd period - Jordan Eberle is hit by Radim Simek and loses puck.
12:41 of 3rd period - Shot by MacKenzie Entwistle.
12:41 of 3rd period - Deflect By Michael Rasmussen.
12:41 of 3rd period - Stopped by Jimmy Howard with a rebound.
13:00 of 3rd period - Shot by Vince Dunn.
13:00 of 3rd period - Stopped by Jimmy Howard without a rebound.
13:01 of 3rd period - Joe Thornton wins face-off versus Oskar Sundqvist in FLORIDA zone.
13:18 of 3rd period - Shot by Oskar Sundqvist.
13:18 of 3rd period - Stopped by Jimmy Howard without a rebound.
13:19 of 3rd period - Adam Lowry wins face-off versus Marcus Johansson in FLORIDA zone.
13:38 of 3rd period - Shot by Alex Galchenyuk.
13:38 of 3rd period - Stopped by Connor Hellebuyck without a rebound.
13:39 of 3rd period - Michael Rasmussen wins face-off versus Joe Thornton in OTTAWA zone.
14:26 of 3rd period - Niklas Kronwall is hit by Dante Fabbro and loses puck.
14:30 of 3rd period - Icing by Dante Fabbro.
14:31 of 3rd period - Marcus Johansson wins face-off versus Adam Lowry in FLORIDA zone.
14:31 of 3rd period - Vince Dunn is hit by Dante Fabbro and loses puck.
14:34 of 3rd period - Shot by Vince Dunn.
14:34 of 3rd period - Stopped by Jimmy Howard with a rebound.
14:42 of 3rd period - Shot by Jordan Eberle.
14:42 of 3rd period - Stopped by Jimmy Howard without a rebound.
14:43 of 3rd period - Ryan Donato wins face-off versus Garnet Hathaway in FLORIDA zone.
14:43 of 3rd period - Minor Penalty to Garnet Hathaway for Holding.
14:44 of 3rd period - Oskar Sundqvist wins face-off versus Ryan Donato in OTTAWA zone.
14:55 of 3rd period - Shot by Martin Necas.
14:55 of 3rd period - Shot Blocked by Michal Kempny.
15:51 of 3rd period - Shot by Shayne Gostisbehere.
15:51 of 3rd period - Stopped by Connor Hellebuyck without a rebound.
15:52 of 3rd period - Michael Rasmussen wins face-off versus Ryan Donato in OTTAWA zone.
15:58 of 3rd period - Icing by Dante Fabbro.
15:59 of 3rd period - Ryan Donato wins face-off versus Oskar Sundqvist in FLORIDA zone.
15:59 of 3rd period - Ryan Donato is hit by Mark Borowiecki.
16:24 of 3rd period - Icing by Patrick Marleau.
16:25 of 3rd period - Kyle Okposo wins face-off versus Ryan Donato in FLORIDA zone.
16:41 of 3rd period - Nate Schmidt is hit by Michael Rasmussen and loses puck.
17:18 of 3rd period - Shot by Joakim Nygard.
17:18 of 3rd period - Shot Misses the Net.
17:35 of 3rd period - Ryan Suter is hit by Drake Batherson and loses puck.
17:45 of 3rd period - Michael Rasmussen is hit by Marc Staal and loses puck.
19:20 of 3rd period - Ryan Donato is hit by Yanni Gourde and loses puck.
19:38 of 3rd period - Icing by Shayne Gostisbehere.
19:39 of 3rd period - Garnet Hathaway wins face-off versus Ryan Donato in FLORIDA zone.
Goals for this period are 0 for OTTAWA vs 1 for FLORIDA.
Shots for this period are 8 for OTTAWA vs 8 for FLORIDA.